 Dungeon Crawl Stone Soup version 0.21.1-1-g345015fe64 (webtiles) character file.

262 Faustar the Chopper (level 5, -1/46 HPs)
             Began as a Deep Dwarf Monk on Feb 16, 2018.
             Slain by a worker ant (5 damage)
             ... on level 4 of the Dungeon.
             The game lasted 00:04:03 (1962 turns).

Faustar the Chopper (Deep Dwarf Monk)               Turns: 1962, Time: 00:04:03

Health: -1/46      AC:  2    Str: 16    XL:     5   Next: 97%
Magic:  0/1        EV: 13    Int: 10    God:
Gold:   71         SH:  0    Dex: 15    Spells: 4/4 levels left

rFire    . . .     SeeInvis .   a - +1 hand axe
rCold    . . .     Gourm    .   (no shield)
rNeg     . . .     Faith    .   b - +0 robe
rPois    .         Spirit   .   (no helmet)
rElec    .         Reflect  .   (no cloak)
rCorr    .         Harm     .   (no gloves)
MR       .....                  (no boots)
Stlth    ++........             (no amulet)
HPRegen  0.00/turn              (no ring)
MPRegen  0.07/turn              (no ring)

@: lethally poisoned (-1 -> -1), non-regenerating, slowed, very slow
A: damage resistance, heal wounds, sense surroundings 1, no regeneration
a: Heal Wounds


You were on level 4 of the Dungeon.
You were not hungry.

You visited 1 branch of the dungeon, and saw 4 of its levels.

You collected 71 gold pieces.

Inventory:

Hand Weapons
 a - a +1 hand axe (weapon)
Armour
 b - a +0 robe (worn)
Jewellery
 m - a +2 ring of strength {unknown}
Wands
 s - a wand of random effects (10)
 t - a wand of disintegration (9)
Scrolls
 e - a scroll of remove curse
Potions
 h - 2 potions of resistance
 i - a potion of curing {unknown}
 k - 3 potions of haste
 l - a potion of flight {unknown}
 n - a potion of agility {unknown}
 o - 2 potions of degeneration {unknown}
 r - a potion of brilliance {unknown}
 u - a potion of magic {unknown}
Books
 p - a book of Misfortune

   Spells                             Type                      Level
   a - Confusing Touch                Hexes                        1
   b - Confuse                        Hexes                        3
   c - Gell's Gravitas                Translocation                3
   d - Petrify                        Transmutation/Earth          4
   e - Metabolic Englaciation         Hexes/Ice                    5
   f - Yara's Violent Unravelling     Hexes/Transmutation          5
Comestibles
 c - 7 rations
 q - 2 chunks of flesh


   Skills:
 - Level 2.6 Fighting
 - Level 7.1 Axes
 - Level 3.2 Dodging
 - Level 2.4 Stealth
 + Level 2.1 Evocations


You had 4 spell levels left.
You didn't know any spells.

Dungeon Overview and Level Annotations

Branches:
Dungeon (4/15)
 Temple: D:4-7

Altars:

Annotations:
D:4 Robin


Innate Abilities, Weirdness & Mutations

You are resistant to damage.
You can heal yourself by infusing magical energy.
You passively map a small area around you.
You do not regenerate.


Message History

The worker ant barely misses you.
The orc wizard hits you but does no damage.
The worker ant bites you.
* * * LOW HITPOINT WARNING * * *
You hit the orc wizard.
You kill the orc wizard!
Your Evocations skill increases to level 2!
You hit the worker ant but do no damage.
The worker ant closely misses you.
You hit the worker ant.
The worker ant is severely wounded.
The worker ant closely misses you. The worker ant bites you.
* * * LOW HITPOINT WARNING * * *
You are more poisoned.
The worker ant poisons you!
Unknown command.
You closely miss the worker ant.
The worker ant is severely wounded.
The worker ant bites you. The worker ant bites you!
You die... g.g ,, .o ...., , , .gg

,,, * ..,..., ,
, ... #. ..., ,
... , , ###. ..
... , ..#.*.#**
... , #.#.#.# *
###* #.#.o.# ,
* #<##a# *
#.##.##@# * *
** #......)# ,
###.....# , *
#..<.....#* ,
........$......
.......##.###.#
*..#####.. ..
,,. , . * #.#
.## , ,,, ..#
.#


You could see a worker ant and an orc.

Vanquished Creatures
  2 orc wizards (D:4)
  Ijyb (D:3)
  Natasha (thrice) (D:3)
  4 adders
  An ooze (D:2)
  A worm (D:2)
  2 dart slugs
  5 leopard geckos
  2 orcs (D:4)
  A giant cockroach (D:1)
  7 goblins
  6 hobgoblins
  A quokka (D:3)
  A ball python (D:2)
  5 bats
  4 frilled lizards
  5 kobolds
  11 rats
62 creatures vanquished.

Notes
Turn   | Place    | Note
-------+----------+-------------------------------------------
     0 | D:1      | Faustar the Deep Dwarf Monk began the quest for the Orb.
     0 | D:1      | Reached XP level 1. HP: 20/20 MP: 1/1
   148 | D:1      | Reached skill level 4 in Axes
   148 | D:1      | Reached XP level 2. HP: 27/27 MP: 1/1
   498 | D:2      | Reached XP level 3. HP: 8/33 MP: 2/2
   683 | D:2      | Reached skill level 5 in Axes
  1051 | D:3      | Noticed Natasha
  1062 | D:3      | Killed Natasha
  1062 | D:3      | Reached XP level 4. HP: 20/40 MP: 3/3
  1410 | D:3      | Found a faded altar of an unknown god.
  1446 | D:3      | Noticed Natasha
  1459 | D:3      | HP: 1/40 [white imp/puff of frost[Natasha] (7)]
  1461 | D:3      | Killed Natasha
  1461 | D:3      | Reached skill level 6 in Axes
  1668 | D:3      | Noticed Natasha
  1688 | D:3      | Killed Natasha
  1688 | D:3      | Reached XP level 5. HP: 8/46 MP: 2/2
  1746 | D:3      | Noticed Ijyb
  1768 | D:3      | Killed Ijyb
  1869 | D:4      | Noticed Robin
  1935 | D:4      | Reached skill level 7 in Axes
  1952 | D:4      | Reached skill level 1 in Evocations
  1962 | D:4      | Slain by a worker ant

Skill      XL: |  1  2  3  4  5 |
---------------+----------------+-----
Axes           | 4 5 6 7 |  7.1
Evocations     | 2 |  2.1
Fighting       | |  2.6
Dodging        | |  3.2
Stealth        | |  2.4

Action                   |  1- 3 |  4- 6 || total
-------------------------+-------+-------++-------
Melee: Hand axe          |   120 |   139 ||   259
 Abil: Heal Wounds       |     2 |     5 ||     7
Evoke: Wand              |       |     1 ||     1
  Use: Scroll            |       |     6 ||     6
 Stab: Sleeping          |     5 |     3 ||     8
  Eat: Chunk             |       |     4 ||     4
Armor: Robe              |    15 |    14 ||    29
Dodge: Dodged            |    84 |    99 ||   183
